 Dungeon Crawl Stone Soup version 0.22-a0-32-ga749362 (webtiles) character file.

11 mopl the Caller (level 2, -5/19 HPs)
             Began as a Merfolk Summoner on Jan 3, 2018.
             Slain by a hobgoblin
             ... wielding a +0 club
              (7 damage)
             ... on level 2 of the Dungeon.
             The game lasted 00:01:12 (1113 turns).

mopl the Caller (Merfolk Summoner)                  Turns: 1113, Time: 00:01:13

Health: -5/19      AC:  0    Str:  8    XL:     2   Next: 25%
Magic:  1/5        EV: 13    Int: 14    God:
Gold:   112        SH:  0    Dex: 14    Spells: 2/5 levels left

rFire    . . .     SeeInvis .   (no weapon)
rCold    . . .     Gourm    .   (no shield)
rNeg     . . .     Faith    .   g - -2 robe (curse)
rPois    .         Spirit   .   (no helmet)
rElec    .         Reflect  .   (no cloak)
rCorr    .         Harm     .   (no gloves)
MR       .....                  (no boots)
Stlth    ++........             (no amulet)
HPRegen  0.06/turn              (no ring)
MPRegen  0.09/turn              (no ring)

@: very slightly contaminated
A: change form in water, swift swim, stealthy swim
a: no special abilities


You were on level 2 of the Dungeon.
You were hungry.

You visited 1 branch of the dungeon, and saw 2 of its levels.

You collected 112 gold pieces.

Inventory:

Armour
 a - a +0 robe
 g - a cursed -2 robe (worn)
Scrolls
 e - a scroll of enchant armour {unknown}
 f - a scroll of identify {unknown}
Potions
 d - 3 potions of invisibility {unknown}
Books
 b - a book of Callings

   Spells                             Type                      Level
   a - Summon Small Mammal            Summoning                    1
   b - Call Imp                       Summoning                    2
   c - Call Canine Familiar           Summoning                    3
   d - Summon Guardian Golem          Hexes/Summoning              3
   e - Summon Lightning Spire         Summoning/Air                4
   f - Summon Ice Beast               Ice/Summoning                4
Comestibles
 c - 4 rations


   Skills:
 - Level 2.6 Dodging
 - Level 2.1 Stealth
 + Level 2.4 Spellcasting
 + Level 4.2 Summonings


You had 2 spell levels left.
You knew the following spells:

 Your Spells              Type           Power        Failure   Level  Hunger
a - Summon Small Mammal   Summ           ##..         4%          1    #......
b - Call Imp              Summ           ##......     6%          2    ###....


Dungeon Overview and Level Annotations

Branches:
Dungeon (2/15)

Altars:
Uskayaw

Annotations:
D:2 Natasha, Sigmund


Message History

Natasha extends her claws.
Natasha mumbles some strange words.
The rat barely misses you.
Your rat bites the bat.
The hobgoblin hits you with a club.
Your crimson imp hits Sigmund.
Unknown command.
You hit the hobgoblin but do no damage.
The hobgoblin is lightly wounded.
The bat hits you. The rat barely misses you.
Your rat bites the bat.
The bat dies!
Your crimson imp blinks!
Unknown command.
Sigmund whispers, "You'll know eternity soon."
Your crimson imp blinks!
The white imp gestures at you. The puff of frost hits you!
* * * LOW HITPOINT WARNING * * *
Your rat bites the rat.
There is a stone staircase leading up here.
The hobgoblin hits you with a club!
You die...

##.(......#
#.........#
#.........#
#.........#
#.........#
#..._..§...
#.†r......#
#.r...†...#
#@g@h......
#..s.......
#.....5....
##...5.....
##........
##.(.....
.......
##....


You could see Sigmund, Natasha, a white imp, a shadow imp, a giant cockroach, a
hobgoblin, a rat and a friendly rat.

Vanquished Creatures
  A giant cockroach (D:1)
  A goblin (D:1)
  A rat (D:1)
3 creatures vanquished.

Vanquished Creatures (collateral kills)
  A leopard gecko (D:1)
  A goblin (D:1)
  A hobgoblin (D:1)
  A ball python (D:1)
  2 bats
  4 frilled lizards
10 creatures vanquished.

Grand Total: 13 creatures vanquished

Notes
Turn   | Place    | Note
-------+----------+-------------------------------------------
     0 | D:1      | mopl the Merfolk Summoner began the quest for the Orb.
     0 | D:1      | Reached XP level 1. HP: 13/13 MP: 3/3
   230 | D:1      | Reached XP level 2. HP: 11/19 MP: 1/5
   237 | D:1      | Learned a level 2 spell: Call Imp
  1099 | D:2      | Found a hide-covered altar of Uskayaw.
  1106 | D:2      | Noticed Sigmund
  1106 | D:2      | Noticed Natasha
  1113 | D:2      | Slain by a hobgoblin

Vault maps used:
D:1:      dpeg_arrival_simpleton_a
D:2:      overflow_temple_1_default, gammafunk_temple_overflow_pools,
          first_ration, serial_bayou_pond_b, minmay_tripent, uniq_natasha,
          uniq_crazy_yiuf_cottage, uniq_sigmund

Action                   || total
-------------------------++-------
Melee: Unarmed           ||    36
 Cast: Summon Small Mamm ||    14
       Call Imp          ||     1
 Stab: Sleeping          ||     2
Armor: Robe              ||     3
Dodge: Dodged            ||    26

Table legend:
 A = Spawn XP
 B = Non-spawn XP
 C = Spawn XP percentage of total XP
 D = Spawn monster count
 E = Non-spawn monster count
 F = Spawn count percentage of total count
 G = Total turns spent on level
                    A         B        C        D         E        F      G
               +---------+---------+-------+---------+---------+-------+---------
         Total |       0 |      16 |   0.0 |       0 |      13 |   0.0 |  1113
               +---------+---------+-------+---------+---------+-------+---------
           D:1 |       0 |      13 |   0.0 |       0 |      10 |   0.0 |  1099
           D:2 |       0 |       3 |   0.0 |       0 |       3 |   0.0 |    14
               +---------+---------+-------+---------+---------+-------+---------
